Map: Rifts to Korhal

Players

sTkmonk

  • Race: Terran Terran
  • Spawn Location: 7:00

monk

  • Race: Protoss Protoss
  • Spawn Location: 7:00

VOD

Have the link to the VOD?

Description

Time

  • Played on: July 21, 2017, 1:17 p.m.
  • Length: 21:10
Show
View Real Time Build Order
Export as new Build Order

sTkmonk Terran 

Build Orders:  

Get SALT Encoding   

Show
View Real Time Build Order
Export as new Build Order

monk Protoss 

Build Orders:  

Get SALT Encoding   

  12  0:02  Probe (Chrono Boost)  
  13  0:16  Probe (Chrono Boost)  
  14  0:21  Dark Pylon  
  14  0:24  Assimilator  
  14  0:30  Probe (Chrono Boost)  
  14  0:37  Assimilator  
  15  0:44  Probe (Chrono Boost)  
  16  0:58  Probe (Chrono Boost)  
  17  1:06  Gateway  
  17  1:11  Probe (Chrono Boost)  
  18  1:25  Probe (Chrono Boost)  
  19  1:35  Forge  
  19  1:39  Probe (Chrono Boost)  
  19  1:44  Pylon  
  20  1:53  Probe (Chrono Boost)  
  21  2:07  Probe (Chrono Boost)  
  22  2:15  Cybernetics Core  
  22  2:21  Protoss Ground Weapons Level 1, Probe (Chrono Boost)  
  23  2:35  Probe (Chrono Boost)  
  24  2:49  Probe (Chrono Boost)  
  25  3:02  Probe (Chrono Boost)  
  26  3:15  Death Council  
  26  3:16  Probe (Chrono Boost)  
  27  3:25  Assimilator  
  27  3:30  Probe (Chrono Boost)  
  27  3:35  Assimilator  
  28  3:46  Nexus  
  28  3:49  Probe (Chrono Boost)  
  28  3:56  Pylon  
  29  4:03  Probe (Chrono Boost)  
  30  4:10  Warp Gate  
  30  4:15  Dark Shrine  
  30  4:18  Probe (Chrono Boost)  
  31  4:32  Probe (Chrono Boost)  
  32  4:40  Gateway  
  32  4:41  Gateway  
  32  4:46  Probe (Chrono Boost)  
  33  4:52  Protoss Ground Weapons Level 2 (Chrono Boost), Shadow Fury  
  33  5:00  Probe (Chrono Boost)  
  34  5:17  Probe (Chrono Boost)  
  35  5:28  Probe (Chrono Boost)  
  36  5:37  Dark Templar  
  38  5:53  Gateway  
  38  5:54  Gateway  
  38  5:56  Gateway  
  38  6:33  Dark Templar x3  
  38  6:34  Dark Templar Blink  
  44  6:42  Pylon  
  44  6:43  Pylon  
  44  6:50  Probe  
  45  7:13  Pylon  
  45  7:15  Dark Templar x2  
  45  7:16  Dark Templar  
  45  7:18  Protoss Ground Weapons Level 3 (Chrono Boost)  
  51  7:22  Blink  
  51  7:23  Dark Templar x2  
  51  7:24  Dark Templar  
  51  7:27  Phase Reactor (Chrono Boost)  
  57  7:54  Stargate  
  57  8:01  Dark Templar  
  57  8:02  Dark Templar  
  57  8:05  Dark Templar  
  63  8:25  Stalker x3  
  69  8:50  Stalker x2  
  69  8:55  Stalker  
  75  9:02  Pylon  
  75  9:03  Pylon  
  75  9:04  Pylon  
  75  9:05  Stalker  
  75  9:07  Oracle  
  77  9:25  Pylon  
  77  9:28  Stalker x2  
  84  9:33  Stalker  
  86  10:05  Stalker x4  
  86  10:06  Stalker  
  96  10:21  Dark Templar  
  98  10:31  Protoss Shields Level 1  
  98  10:53  Pylon  
  98  10:55  Dark Templar x3  
  98  10:56  Dark Templar x2  
  108  11:03  Pylon  
  108  11:32  Dark Templar, Photon Cannon  
  108  11:34  Photon Cannon  
  110  11:41  Pylon x2  
  110  11:43  Pylon  
  110  12:06  Stalker x3  
  110  12:07  Stalker x2  
  115  12:23  Stalker  
  115  12:28  Pylon  
  115  12:58  Gateway  
  115  12:59  Gateway  
  113  13:01  Dark Templar x2  
  113  13:02  Dark Templar x3  
  113  13:06  Dark Templar  
  123  13:45  Dark Pylon  
  123  13:57  Dark Templar x3  
  123  13:58  Dark Templar x3  
  135  14:04  Protoss Shields Level 2  
  135  14:42  Stalker  
  135  14:43  Stalker x4  
  135  14:44  Stalker  
  147  14:59  Stalker x2  
  151  15:26  Pylon  
  151  15:28  Dark Templar  
  151  15:29  Dark Templar x4  
  161  15:30  Pylon x2  
  161  15:33  Pylon  
  161  15:40  Dark Templar  
  159  16:13  Stalker  
  159  16:14  Stalker  
  163  16:47  Stalker x2  
  163  16:48  Stalker x4  
  163  16:49  Stalker  
  155  17:08  Dark Templar  
  157  17:38  Pylon  
  157  17:39  Dark Templar  
  159  17:40  Dark Templar x4  
  159  17:41  Dark Templar  
  169  18:04  Stalker x2  
  169  18:25  Stalker x3  
  169  18:26  Stalker x2  
  177  18:35  Stalker  
  179  18:45  Dark Templar x2  
  183  19:18  Dark Templar x3  
  165  19:45  Stalker  
  165  19:46  Stalker x3  
Tags
 
Add a new tag
Caveats
  • Supply blocks, unpowered buildings, or Contaminate may cause inaccurate times.
  • Supply counts are checked every 10 seconds.